 Dungeon Crawl Stone Soup version 0.18-a0-1799-g6250cb2 (webtiles) character file.

59 Stoneknight the Skirmisher (level 4, -5/29 HPs)
             Began as a Gargoyle Fighter on Apr 23, 2016.
             Slain by a gnoll
             ... wielding a +0 spear
              (6 damage)
             ... on level 2 of the Dungeon.
             The game lasted 00:04:53 (1071 turns).

Stoneknight the Skirmisher (Gargoyle Fighter)       Turns: 1071, Time: 00:04:54

Health: -5/29      AC:  6    Str: 20    XL:     4   Next: 3%
Magic:  4/4        EV:  9    Int:  9    God:
Gold:   31         SH:  9    Dex:  9    Spells: 0 memorised, 3 levels left

rFire  . . .     SeeInvis .     a - +0 flail
rCold  . . .     Gourm    .     h - -2 leather armour (curse)
rNeg   + . .     Faith    .     c - +0 shield
rPois  ∞         Spirit   .     (no helmet)
rElec  +         Dismiss  .     i - +0 cloak
rCorr  .         Reflect  .     (no gloves)
SustAt .         Harm     .     (no boots)
MR     .....                    (no amulet)
Stlth  +.........               (no ring)
                                (no ring)

@: not resistant to hostile enchantments, very unstealthy
A: negative energy resistance 1, electricity resistance, unbreathing,
petrification resistance, rot immunity, AC +3
a: no special abilities


You were on level 2 of the Dungeon.
You were hungry.

You visited 1 branch of the dungeon, and saw 2 of its levels.

You collected 31 gold pieces.

Inventory:

Hand Weapons
 a - a +0 flail (weapon)
Armour
 b - a +0 scale mail
 c - a +0 shield (worn)
 h - a cursed -2 leather armour (worn)
 i - a +0 cloak (worn)
Potions
 d - 2 potions of might
 e - a potion of cancellation {unknown}
 g - a potion of cure mutation {unknown}
 k - a potion of agility {unknown}
Comestibles
 f - a bread ration
 j - 2 meat rations


   Skills:
 + Level 3.7 Fighting
 * Level 3.2 Maces & Flails
 - Level 3.2 Armour
 + Level 0.8 Dodging
 + Level 0.2 Stealth
 - Level 3.6 Shields


You had 3 spell levels left.
You didn't know any spells.

Dungeon Overview and Level Annotations

Branches:
Dungeon (2/15)

Altars:


Innate Abilities, Weirdness & Mutations

You are resistant to torment.
Your stone body is resilient (AC +3).
You are immune to poison.
You resist negative energy.
You are resistant to electric shocks.
You can survive without breathing.
You are immune to petrification.
You are immune to rotting.


Message History

The gnoll is almost dead.
The gnoll barely misses you. You block the gnoll's attack.
The gnoll hits you from afar with a spear.
* * * LOW HITPOINT WARNING * * *
You hit the gnoll but do no damage.
The gnoll is almost dead.
The gnoll barely misses you. The gnoll closely misses you.
You closely miss the gnoll.
The gnoll is almost dead.
You block the gnoll's attack. The gnoll hits you with a halberd.
* * * LOW HITPOINT WARNING * * *
Your shield prevents you from hitting the gnoll.
The gnoll is almost dead.
You block the gnoll's attack. The gnoll closely misses you.
You barely miss the gnoll.
The gnoll is almost dead.
The gnoll closely misses you. The gnoll hits you with a halberd.
* * * LOW HITPOINT WARNING * * *
The gnoll hits you from afar with a spear.
You die...

### ...## .... #..##
... #.######## #.#
#........###.#
#.........##@#
..........##g#
#.........##g#####.#
#..........!....)#.##..
#............<.<.#.##.#
#.........##...........
#.#.......#####..#.##.#
#)#####.### #..#.##.#
... #)#######..#.##.#


You could see 2 gnolls.

Vanquished Creatures
  An adder (D:2)
  A gnoll (D:1)
  A worm (D:2)
  3 dart slugs
  2 giant geckos
  3 bats (D:1)
  A giant cockroach (D:1)
  2 goblins
  4 hobgoblins (D:1)
  3 jackals (D:1)
  4 kobolds
  4 rats (D:1)
29 creatures vanquished.

Notes
Turn   | Place    | Note
--------------------------------------------------------------
     0 | D:1      | Stoneknight the Gargoyle Fighter began the quest for the Orb.
     0 | D:1      | Reached XP level 1. HP: 14/14 MP: 1/1
   183 | D:1      | Reached XP level 2. HP: 18/19 MP: 2/2
   465 | D:1      | Reached XP level 3. HP: 20/23 MP: 3/3
   875 | D:1      | Reached XP level 4. HP: 18/29 MP: 4/4
  1071 | D:2      | HP: 1/29 [gnoll/halberd (2)]
  1071 | D:2      | Slain by a gnoll

Vault maps used:
D:1:      dpeg_arrival_snail

Skill      XL: |  1  2  3 |
---------------+----------+-----
Maces & Flails | 3 |  3.2
Fighting       | |  3.7
Armour         | |  3.2
Dodging        | |  0.8
Stealth        | |  0.2
Shields        | |  3.6

Action                   |  1- 3 |  4- 6 || total
-------------------------+-------+-------++-------
Melee: Flail             |    94 |    11 ||   105
  Use: Scroll            |     1 |       ||     1
Armor: Scale mail        |    46 |       ||    46
       Leather armour    |     8 |     2 ||    10
Dodge: Dodged            |    38 |    11 ||    49
Block: Shield            |    51 |     9 ||    60
